 Dungeon Crawl Stone Soup version 0.24.0-123-gd5b16e6ec5 (webtiles) character file.

Game seed: 14525752769060908181, levelgen mode: deterministic

66087 vishdafish the Fighter (level 14, -16/121 HPs)
             Began as a Demonspawn Berserker on Dec 16, 2019.
             Was the Champion of Trog.
             Killed from afar by an orc sorcerer (26 damage)
             ... with a bolt of fire
             ... on level 2 of the Orcish Mines on Dec 17, 2019.
             The game lasted 00:33:00 (17838 turns).

vishdafish the Fighter (Demonspawn Berserker)      Turns: 17838, Time: 00:33:10

Health: -16/121    AC: 22    Str: 27    XL:     14   Next: 77%
Magic:  0/14       EV: 23    Int: 10    God:    Trog [******]
Gold:   1409       SH:  0    Dex: 23    Spells: 13/13 levels left

rFire    . . .     SeeInvis .   H - +6 battleaxe of Retyffo {flame, rElec rPois Str+2}
rCold    . . .     Gourm    .   (shield currently unavailable)
rNeg     . . .     Faith    .   v - +0 scale mail
rPois    +         Spirit   +   X - +2 hat
rElec    +         Reflect  .   R - +0 cloak (curse)
rCorr    .         Harm     .   z - +1 pair of gloves
MR       ++...                  g - +1 pair of boots
Stlth    +++.......             p - amulet of regeneration
HPRegen  0.70/turn              r - +4 ring of protection
MPRegen  0.28/turn              a - +4 ring of evasion

@: mighty, agile, berserk cooldown, slowed, lightly drained, very slow
A: hooves 1, horns 1, thin skeletal structure 2, deterioration 1, magic
resistance 1, powered by pain 1, screaming 1, magic shield, magic regeneration,
MP-powered wands
a: Berserk, Trog's Hand, Brothers in Arms, Renounce Religion


You were on level 2 of the Orcish Mines.
You worshipped Trog.
Trog was exalted by your worship.
You were near starving.

You visited 3 branches of the dungeon, and saw 19 of its levels.
You also visited: Ossuary.

You collected 1633 gold pieces.
You spent 224 gold pieces at shops.

Inventory:

Hand Weapons
 y - a +2 antimagic battleaxe
 H - the +6 battleaxe of Retyffo (weapon) {flame, rElec rPois Str+2}
   (Trog gifted it to you on level 9 of the Dungeon)

   It has been specially enchanted to burn those struck by it, causing extra
   injury to most foes and up to half again as much damage against particularly
   susceptible opponents.
   Big, fiery blades are also staple armaments of hydra-hunters.
   It affects your strength (+2).
   It insulates you from electricity.
   It protects you from poison.
Missiles
 G - 2 throwing nets (quivered)
Armour
 g - a +1 pair of boots (worn)
 h - a +0 pair of boots
 v - a +0 scale mail (worn)
 z - a +1 pair of gloves (worn)
 R - a cursed +0 cloak (worn)
 X - a +2 hat (worn)
Jewellery
 a - a +4 ring of evasion (right hand)
 b - an uncursed amulet of rage {unknown}
 p - an amulet of regeneration (around neck)
 r - a +4 ring of protection (left hand)
 E - a +3 amulet of reflection
 J - an uncursed ring of protection from fire
 V - an uncursed ring of positive energy
 Y - an uncursed ring of protection from cold
Wands
 d - a wand of flame (5)
 u - a wand of random effects (40)
 I - a wand of iceblast (27)
 L - a wand of acid (15)
 M - a wand of clouds (7)
 Q - a wand of polymorph (5)
 T - a wand of digging (5)
 Z - a wand of enslavement (9)
Scrolls
 e - 9 scrolls of teleportation
 i - 8 scrolls of fog
 j - 9 scrolls of remove curse
 n - 4 scrolls of enchant weapon
 s - 2 scrolls of vulnerability
 w - 4 scrolls of enchant armour
 B - 4 scrolls of immolation
 C - 2 scrolls of noise {unknown}
 N - a scroll of magic mapping {unknown}
 O - 2 scrolls of torment {unknown}
 U - a scroll of silence {unknown}
Potions
 f - 4 potions of berserk rage
 k - 2 potions of heal wounds
 l - a potion of cancellation
 m - 2 potions of lignification
 o - 7 potions of curing
 q - 3 potions of agility
 t - 2 potions of brilliance {unknown}
 x - a potion of might
 A - 2 potions of haste
 D - 2 potions of flight
 F - a potion of ambrosia {unknown}
 K - 2 potions of resistance {unknown}
 S - a potion of magic {unknown}
 W - a potion of invisibility
Comestibles
 c - 36 rations


   Skills:
 + Level 14.8(14.4) Fighting
 + Level 13.7(13.3) Axes
 + Level 13.6(13.2) Armour
 - Level 5.0(4.6) Dodging


You had 13 spell levels left.
You didn't know any spells.
Your spell library was empty.

Dungeon Overview and Level Annotations

Branches:
Dungeon (11/15)            Temple (0/1) D:5            Lair (6/6) D:9
  Swamp (0/4) Lair:2       Spider (0/4) Lair:2        Slime (0/5) Lair:6
    Orc (2/2) D:9             Elf (0/3) Orc:2       Ossuary (visited)

Altars:
Ashenzari
Dithmenos
Elyvilon
Kikubaaqudgha
Makhleb
Qazlal
Trog
Vehumet
Wu Jian
Xom
The Shining One
Beogh
Jiyva

Shops:
D:11 !

Annotations:
Lair:6 exclusion: 3 oklob plants
Orc:2 2 runed translucent doors, exclusion: orange crystal statue


Innate Abilities, Weirdness & Mutations

You have a pair of small horns on your head.
You have a moderately thin skeletal structure. (Dex +4, Stealth+)
You sometimes gain a little power by taking damage.
When hurt, damage is shared between your health and your magic reserves.
You regenerate magic rapidly.
You have large cloven feet.
Your body sometimes deteriorates upon taking damage.
You are resistant to hostile enchantments. (MR+)
You occasionally shout uncontrollably at your foes.
You expend magic power (3 MP) to strengthen your wands.


Message History

The red devil hits you but does no damage.
An orc wizard comes into view. It is wielding a +0 dagger.
Evoke which item? (* to show all) (? for menu, Esc to quit)
Aiming: Iceblast
Press: ? - help, Shift-Dir - straight line, f/p - orc sorcerer
Aim: an orc sorcerer, wielding a +0 dagger and wearing a +0 robe (severely wounded, fleeing)
You feel a slight surge of power.
The mass of ice explodes!
The iceblast engulfs the orc sorcerer!
The orc sorcerer is almost dead.
You hear a shout! x2
The soul eater hits you!
* * * LOW HITPOINT WARNING * * *
You feel drained.
* * * LOW HITPOINT WARNING * * *
Your iron troll bites the soul eater!!!
The soul eater dies!
The orc priest cries, "Help!"
The orc sorcerer points at you and mumbles some strange words.
The bolt of fire hits you!!
You die...

..................## ##
...................# #.
...............>...# ##
...................# #.
........)...)))...# ##
.......)))........# #.
......[))))....#.## ##
......))))........###
.....4)@)......#.##.##
........).......#....##
......T...............#
.....oo..............##
..o.........o......###
# ####..o######......#
# .... ##.....## #
.o... ##.....####
#..#....#.


You could see 3 orc sorcerers, a red devil, 2 orc priests, an orc wizard and a
friendly iron troll (berserk).

Vanquished Creatures
  Gastronok (Lair:3)
  Kirke (Lair:4)
  6 dire elephants (Lair:6)
  Harold (D:7)
  3 hydras
  An anaconda (Lair:6)
  3 two-headed ogres
  10 death yaks
  3 orc high priests
  Urug (Lair:4)
  2 orc knights (Orc:1)
  An orc sorcerer (Orc:1)
  2 ugly things (D:11)
  A manticore (D:11)
  21 elephants
  2 torpor snails
  5 black mambas
  Joseph (D:7)
  4 komodo dragons
  5 spiny frogs
  A kobold demonologist (D:11)
  2 rime drakes
  3 trolls
  Grinder (D:3)
  3 jumping spiders (Lair:2)
  10 blink frogs
  4 hippogriffs
  2 wyverns
  3 redbacks (Lair:2)
  33 yaks
  A vampire (D:7)
  A human (D:9)
  6 hogs
  2 wraiths (D:11)
  A steam dragon (D:8)
  3 basilisks
  2 hungry ghosts
  Menkaure (D:7)
  A warg (Orc:2)
  9 water moccasins
  Duvessa (D:7)
  8 porcupines
  A swamp drake (D:9)
  32 orc warriors
  3 ice beasts
  3 sky beasts
  2 phantoms
  A black bear (D:8)
  A necrophage (D:11)
  15 ogres
  19 centaurs
  6 wolves
  19 crocodiles
  3 big kobolds
  18 bullfrogs
  A gnoll sergeant (D:10)
  Dowan (D:7)
  2 scorpions (D:9)
  6 killer bees (D:8)
  5 howler monkeys
  3 crimson imps
  A centaur zombie (Ossuary)
  3 jellies
  3 bullfrog zombies
  2 quasits
  3 hounds
  29 orc priests
  4 centaur skeletons
  Natasha (thrice) (D:4)
  Ijyb (D:4)
  28 orc wizards
  10 worker ants
  A hound zombie (D:7)
  A hound skeleton (D:7)
  6 mummies
  A howler monkey zombie (D:10)
  A worker ant zombie (D:7)
  Robin (D:4)
  7 gnolls
  16 adders
  A howler monkey skeleton (D:6)
  4 shadow imps
  2 oozes (D:3)
  An adder zombie (D:10)
  A worm (D:2)
  2 dart slugs
  5 leopard geckos
  72 orcs
  19 bats
  A giant cockroach (D:7)
  13 goblins
  12 hobgoblins
  2 jackals (D:8)
  13 kobolds
  4 quokkas
  A ball python (D:3)
  A ball python skeleton (D:4)
  3 frilled lizards
  3 gnoll zombies (Ossuary)
  2 hobgoblin zombies (D:6)
  3 kobold zombies (Ossuary)
  An orc zombie (Ossuary)
  14 rats
  2 fungi
  4 plants
620 creatures vanquished.

Vanquished Creatures (collateral kills)
  2 death yaks (Lair:5)
  3 yaks (Lair:5)
5 creatures vanquished.

Vanquished Creatures (others)
  3 humans (Lair:4)
  A leopard gecko (D:8)
  2 orcs (D:9)
  A ball python (D:2)
  A rat (D:3)
  A bush (Lair:2)
  3 fungi
  13 plants
25 creatures vanquished.

Grand Total: 650 creatures vanquished

Notes
Turn   | Place    | Note
-------+----------+-------------------------------------------
     0 | D:1      | vishdafish the Demonspawn Berserker began the quest for the
                  | Orb.
     0 | D:1      | Reached XP level 1. HP: 18/18 MP: 1/1
   261 | D:1      | Gained mutation: You have a somewhat thin skeletal
                  | structure. (Dex +2, Stealth) [demonic ancestry]
   261 | D:1      | Reached XP level 2. HP: 22/24 MP: 2/2
   701 | D:2      | Reached XP level 3. HP: 16/29 MP: 3/3
  1051 | D:2      | Reached ** piety under Trog
  1132 | D:2      | Found a radiant altar of Vehumet.
  1295 | D:2      | Reached XP level 4. HP: 35/35 MP: 4/4
  1905 | D:3      | Gained mutation: When hurt, damage is shared between your
                  | health and your magic reserves. [demonic ancestry]
  1905 | D:3      | Reached XP level 5. HP: 42/42 MP: 5/5
  1939 | D:3      | Reached skill level 4 in Fighting
  2205 | D:3      | Found a stormy altar of Qazlal.
  2298 | D:3      | Reached *** piety under Trog
  2478 | D:3      | Found a shimmering altar of Xom.
  2484 | D:3      | Noticed Grinder
  2503 | D:3      | Killed Grinder
  2503 | D:3      | Gained mutation: You regenerate magic rapidly. [demonic
                  | ancestry]
  2503 | D:3      | Reached XP level 6. HP: 6/49 MP: 1/6
  2577 | D:3      | Found an ornate altar of the Wu Jian Council.
  2862 | D:4      | Reached XP level 7. HP: 45/55 MP: 5/7
  2983 | D:4      | Noticed Natasha
  3005 | D:4      | Killed Natasha
  3054 | D:4      | Noticed Robin
  3067 | D:4      | Killed Robin
  3070 | D:4      | Noticed Natasha
  3085 | D:4      | Killed Natasha
  3113 | D:4      | Noticed Natasha
  3134 | D:4      | Killed Natasha
  3205 | D:4      | Noticed Ijyb
  3233 | D:4      | Killed Ijyb
  3233 | D:4      | Reached skill level 5 in Fighting
  3737 | D:5      | Entered Level 5 of the Dungeon
  3742 | D:5      | Found a staircase to the Ecumenical Temple.
  3763 | D:5      | Found a bloodstained altar of Trog.
  4009 | D:5      | Reached skill level 5 in Axes
  4009 | D:5      | Gained mutation: You sometimes gain a little power by
                  | taking damage. [demonic ancestry]
  4009 | D:5      | Reached XP level 8. HP: 43/63 MP: 6/8
  4114 | D:5      | Reached **** piety under Trog
  4489 | D:6      | Reached skill level 6 in Fighting
  4489 | D:6      | Reached skill level 5 in Armour
  4489 | D:6      | Reached skill level 5 in Dodging
  4491 | D:6      | Found an ancient bone altar of Kikubaaqudgha.
  4902 | D:6      | Found a sand-covered staircase.
  4918 | Ossuary  | Entered an ossuary
  5157 | D:6      | You fall into a shaft and drop 1 floor!
  5561 | D:7      | Noticed Harold
  5602 | D:7      | Killed Harold
  5602 | D:7      | Reached skill level 7 in Fighting
  5602 | D:7      | Gained mutation: You have a pair of small horns on your
                  | head. [demonic ancestry]
  5602 | D:7      | Reached XP level 9. HP: 72/72 MP: 9/9
  5646 | D:7      | Noticed Duvessa
  5648 | D:7      | Noticed Dowan
  5675 | D:7      | Killed Duvessa
  5695 | D:7      | Killed Dowan
  5783 | D:7      | Noticed Joseph
  5801 | D:7      | Killed Joseph
  5809 | D:7      | Reached skill level 8 in Fighting
  6000 | D:7      | Noticed Menkaure
  6007 | D:7      | Killed Menkaure
  6154 | D:7      | Found a shadowy altar of Dithmenos.
  6645 | D:8      | Reached ***** piety under Trog
  6645 | D:8      | Gained mutation: You have a moderately thin skeletal
                  | structure. (Dex +4, Stealth+) [demonic ancestry]
  6645 | D:8      | Reached XP level 10. HP: 42/82 MP: 4/10
  6675 | D:8      | Found a glowing golden altar of the Shining One.
  6955 | D:8      | Found a white marble altar of Elyvilon.
  6955 | D:8      | Found a shadowy altar of Dithmenos.
  6956 | D:8      | Found a shattered altar of Ashenzari.
  7235 | D:9      | Found a burning altar of Makhleb.
  7235 | D:9      | Noticed a two-headed ogre
  7242 | D:8      | Killed a two-headed ogre
  7242 | D:8      | Reached skill level 9 in Fighting
  7505 | D:9      | Found a staircase to the Lair.
  7566 | D:9      | Reached XP level 11. HP: 47/90 MP: 11/11
  7722 | D:9      | Reached skill level 10 in Fighting
  7810 | D:9      | Noticed a two-headed ogre
  7824 | D:9      | Killed a two-headed ogre
  7976 | D:9      | Received a gift from Trog
  7983 | D:9      | Found a staircase to the Orcish Mines.
  8012 | D:9      | Got a smoking battleaxe {god gift}
  8013 | D:9      | Identified the +6 battleaxe of Retyffo {flame, rElec rPois
                  | Str+2} (Trog gifted it to you on level 9 of the Dungeon)
  8335 | D:10     | Entered Level 10 of the Dungeon
  8833 | D:10     | Reached ****** piety under Trog
  9245 | D:11     | Reached skill level 10 in Axes
  9298 | D:11     | Noticed a red ugly thing
  9299 | D:11     | Noticed a brown ugly thing
  9304 | D:11     | Killed a red ugly thing
  9308 | D:11     | Killed a brown ugly thing
  9308 | D:11     | Reached skill level 11 in Fighting
  9308 | D:11     | Reached skill level 10 in Armour
  9393 | D:11     | Received a gift from Trog
  9458 | D:11     | Found Mierom's Distillery.
  9467 | D:11     | Bought 2 potions of mutation for 224 gold pieces
  9467 | D:11     | Gained mutation: You have large cloven feet. [potion of
                  | mutation]
  9467 | D:11     | Gained mutation: Your spells are a little harder to cast,
                  | but a little more powerful. [potion of mutation]
  9468 | D:11     | Lost mutation: Your spells are a little harder to cast, but
                  | a little more powerful. [potion of mutation]
  9468 | D:11     | Gained mutation: Your body sometimes deteriorates upon
                  | taking damage. [potion of mutation]
  9468 | D:11     | Gained mutation: You expend magic power (3 MP) to
                  | strengthen your wands. [potion of mutation]
  9468 | D:11     | Gained mutation: You occasionally shout uncontrollably at
                  | your foes. [potion of mutation]
  9468 | D:11     | Gained mutation: You are resistant to hostile enchantments.
                  | (MR+) [potion of mutation]
  9636 | D:11     | Found a white marble altar of Elyvilon.
  9651 | D:11     | Reached XP level 12. HP: 60/100 MP: 0/12
 10134 | Lair:1   | Entered Level 1 of the Lair of Beasts
 10717 | Lair:2   | Found a hole to the Spider Nest.
 10721 | Lair:2   | Received a gift from Trog
 10925 | Lair:2   | Found a staircase to the Swamp.
 10941 | Lair:2   | Noticed a five-headed hydra
 10947 | Lair:2   | Killed a four-headed hydra
 11102 | Lair:2   | Reached skill level 12 in Fighting
 11812 | Lair:3   | Noticed Gastronok
 11823 | Lair:3   | Killed Gastronok
 12500 | Lair:3   | Reached XP level 13. HP: 109/109 MP: 13/13
 12987 | Lair:4   | Noticed Urug
 12998 | Lair:4   | Killed Urug
 13214 | Lair:4   | Noticed Kirke
 13226 | Lair:4   | Killed Kirke
 13226 | Lair:4   | Reached skill level 13 in Fighting
 14047 | Lair:5   | Received a gift from Trog
 14875 | Lair:6   | Entered Level 6 of the Lair of Beasts
 15031 | Lair:6   | Found a staircase to the Slime Pits.
 15032 | Lair:6   | Found a viscous altar of Jiyva.
 15222 | Lair:6   | Reached XP level 14. HP: 106/119 MP: 12/14
 15264 | Lair:6   | Reached skill level 14 in Fighting
 15747 | Lair:6   | Received a gift from Trog
 16834 | Orc:1    | Entered Level 1 of the Orcish Mines
 16908 | Orc:1    | Found a roughly hewn altar of Beogh.
 17131 | Orc:2    | Entered Level 2 of the Orcish Mines
 17133 | Orc:2    | Found a runed translucent door.
 17187 | Orc:2    | Found the +10 large shield of Ignorance {rN+ Int-4}
 17192 | Orc:2    | Found a runed translucent door.
 17771 | Orc:2    | Found a staircase to the Elven Halls.
 17804 | Orc:2    | Received a gift from Trog
 17838 | Orc:2    | Killed from afar by an orc sorcerer

Levels and vault maps discovered:
D:1:      psy_arrival_terrarium, layout_rooms
D:2:      layout_basic, fiery_altar_vehumet
D:3:      layout_basic, grunt_qazlal_clouds, grunt_temple_overflow_open,
          first_ration, uniq_grinder
D:4:      layout_cave_pods, hangedman_decor_growths, uniq_ijyb, uniq_natasha,
          uniq_robin
D:5:      layout_gridville, nicolae_overflow_hidden_temple,
          minmay_temple_entry_gardened_gates
D:6:      layout_gridville, nicolae_overflow_crystal_walls,
          nicolae_ossuary_entry_giza
D:7:      layout_loops_ring, nicolae_dithmenos_through_a_glass_darkly,
          uniq_joseph, uniq_harold, uniq_menkaure, uniq_duvessa
D:8:      layout_rooms, chequers_temple_overflow_statue_of_worship, basic_altar
D:9:      nicolae_whirlpool, layout_rooms, overflow_temple_1_default,
          minmay_lair_entry_grove, erik_orc_1, grunt_livestock
D:10:     layout_loops_corners
D:11:     layout_roguey, serial_shops, shop, lemuel_centaur_altar
Lair:1:   layout_misc_corridors
Lair:2:   layout_roguey, swamp_mist, nicolae_spider_entry_tight_spaces,
          lemuel_fruit_tree
Lair:3:   layout_cave_pods, uniq_gastronok
Lair:4:   layout_roguey, serial_bayou_pond_e, infiniplex_staircase_pool_2,
          uniq_urug, uniq_kirke
Lair:5:   layout_regular_city
Lair:6:   due_jungle_book, layout_cave_pods, slime_altar_1, roderic_batcave,
          grunt_megastairs_1, minmay_lair_oklob_chamber
Orc:1:    layout_caves, basic_altar
Orc:2:    st_orc_mages, layout_diamond_mine, chequers_guarded_unrand_ignorance

Skill      XL: |  1  2  3  4  5  6  7  8  9 10 11 12 13 14 |
---------------+-------------------------------------------+-----
Armour         | 2 3 4 6 7 8 10 11 12 13 | 13.6
Dodging        | 2 3 4 5 |  5.0
Axes           | 3 4 5 6 7 9 10 11 12 13 | 13.7
Fighting       | 4 5 7 8 9 11 12 13 14 | 14.8

Action                   |  1- 3 |  4- 6 |  7- 9 | 10-12 | 13-15 || total
-------------------------+-------+-------+-------+-------+-------++-------
Melee: Hand axe          |   108 |   134 |   563 |   393 |       ||  1198
       Headbutt          |       |       |    26 |   202 |   126 ||   354
       Battleaxe         |       |       |       |   332 |   445 ||   777
Throw: Throwing net      |       |       |     1 |     1 |       ||     2
Invok: Berserk           |       |     3 |    10 |    10 |    11 ||    34
       Brothers in Arms  |       |       |       |       |     2 ||     2
Evoke: Wand              |       |       |     1 |    27 |     2 ||    30
  Use: Scroll            |       |       |    15 |       |     6 ||    21
       Potion            |       |       |       |     2 |       ||     2
 Stab: Sleeping          |     7 |     2 |     1 |     2 |       ||    12
       Distracted        |       |       |       |       |     1 ||     1
  Eat: Chunk             |     1 |     8 |    10 |    23 |    24 ||    66
       Ration            |       |       |     4 |     3 |     1 ||     8
Armor: Animal skin       |    29 |    22 |    18 |       |       ||    69
       Scale mail        |       |       |   197 |   359 |   214 ||   770
Dodge: Dodged            |    75 |   112 |   314 |   542 |   378 ||  1421
Block: Other             |       |       |       |       |     3 ||     3
